 Dungeon Crawl Stone Soup version 0.28-a0-577-gb193047a1f (webtiles) character file.

Game seed: 843639061934618694

551 timneilson the Shield-Bearer (level 7, -2/44 HPs)
             Began as a Gargoyle Fighter on Oct 2, 2021.
             Was an Initiate of Okawaru.
             Slain by an ogre (21 damage)
             ... on level 4 of the Dungeon.
             The game lasted 00:06:08 (3403 turns).

timneilson the Shield-Bearer (Gargoyle Fighter)     Turns: 3403, Time: 00:06:09

Health: -2/44      AC: 15    Str: 21    XL:     7   Next: 29%
Magic:  7/7        EV: 10    Int:  9    God:    Okawaru [......]
Gold:   143        SH:  8    Dex:  9    Spells: 6/6 levels left

rFire   . . .      SeeInvis .   a - +0 long sword
rCold   . . .      Faith    .   d - +0 kite shield
rNeg    + . .      Spirit   .   g - +0 chain mail
rPois   ∞          Reflect  .   (no helmet)
rElec   +          Harm     .   b - +0 cloak
rCorr   .          Rampage  .   (no gloves)
Will    .....                   (no boots)
Stlth   ..........              (no amulet)
HPRegen 0.14/turn               c - +4 ring of evasion
MPRegen 0.10/turn               (no ring)

@: no status effects
A: sickness immunity, AC +4, negative energy resistance 1, electricity
resistance, torment resistance 1, petrification resistance
a: Renounce Religion


You were on level 4 of the Dungeon.
You worshipped Okawaru.
Okawaru was noncommittal.
You visited 2 branches of the dungeon, and saw 5 of its levels.

You collected 143 gold pieces.

Inventory:

Hand Weapons
 a - a +0 long sword (weapon)
Armour
 b - a +0 cloak (worn)
 d - a +0 kite shield (worn)
 g - a +0 chain mail (worn)
Jewellery
 c - a +4 ring of evasion (left hand)
 j - a ring of flight
Scrolls
 f - a scroll of identify
Potions
 e - a potion of brilliance
 h - a potion of mutation {unknown}
 i - 4 potions of heal wounds
 k - a potion of resistance
 l - 3 potions of attraction
 m - a potion of curing {unknown}
 n - a potion of lignification {unknown}


   Skills:
 + Level 4.3 Fighting
 * Level 3.7 Long Blades
 * Level 5.2 Armour
 + Level 1.9 Dodging
 * Level 5.3 Shields
 + Level 0.3 Invocations


You had 6 spell levels left.
You didn't know any spells.
Your spell library contained the following spells:

 Spells                   Type           Power      Damage    Failure   Level
 Ensorcelled Hibernation  Hex/Ice        0%         N/A       100%        2
 Tukima's Dance           Hex            Unusable   N/A       N/A         3

Dungeon Overview and Level Annotations

Branches:
Dungeon (4/15)             Temple (1/1) D:4

Altars:
Ashenzari
Cheibriados
Dithmenos
Elyvilon
Gozag
Makhleb
Nemelex Xobeh
Okawaru
Qazlal
Ru
Trog
Uskayaw
Wu Jian
Xom
Yredelemnul
Zin


Innate Abilities, Weirdness & Mutations

You are immune to sickness and miasma.
Your stone body is resilient. (AC +4)
You are immune to poison.
You resist negative energy. (rN+)
You are resistant to electric shocks. (rElec)
You are resistant to unholy torment.
You are immune to petrification.


Message History

The hobgoblin hits you but does no damage.
You closely miss the hobgoblin.
The hobgoblin is almost dead.
You block the hobgoblin's attack.
You closely miss the hobgoblin.
The hobgoblin is almost dead.
The hobgoblin hits you but does no damage.
You hit the hobgoblin but do no damage.
The hobgoblin is almost dead.
The hobgoblin hits you but does no damage.
You block the hobgoblin's attack.
You hit the hobgoblin.
You kill the hobgoblin!
Okawaru accepts your kill.
No target in view!
No target in view!
No target in view!
No target in view!
No target in view!
No target in view!
No target in view!
No target in view!
No target in view!
No target in view!
No target in view!
Found an escape hatch in the ceiling.
You now have 143 gold pieces (gained 13).
There is a stone staircase leading down here.
n - a sedimented pink potion You see here 25 stones.
The ogre shouts!
The ogre barely misses you.
You hit the ogre but do no damage. The ogre hits you with a +0 giant club.
You slash the ogre!
The ogre is moderately wounded.
The ogre hits you with a +0 giant club!!
You slash the ogre!
The ogre is severely wounded.
The ogre hits you with a +0 giant club!!
You die...

..# ### #g ###### ######
.#.##..##...
##....###....######
..).........
#...##...##....#..
.........#..
#..#..###..#...#.#
............
..#..#...#..#..#.##
..#........
..#.#.###.#.#.....# #...#
#<....
.#.#.#...#(#.#....#.....#
###...
.#.#.#.>.#.#.#..@O.......
.....
.#.#.#...#.#.#..####.....
..#. ..#.#.###.#.#...#
.....####...
..#..#...#..#...#
##.........
...#..###..#....#
..........
....##...##.....#
#....<..
......###.......#
+.......
...##...........#
#.....O.
..........#######
########


You could see an ogre.

Vanquished Creatures
  Sigmund (D:2)
  Purgy (D:3)
  2 scorpions
  Jessica (D:2)
  Terence (D:3)
  A hound skeleton (D:4)
  An adder (D:4)
  An adder skeleton (D:4)
  2 worms
  3 dart slugs
  8 orcs
  7 endoplasms
  7 giant cockroaches
  9 goblins
  8 hobgoblins
  4 jackals
  4 quokkas
  9 ball pythons
  5 bats
  A frilled lizard (D:1)
  4 kobolds
  9 rats
89 creatures vanquished.

Notes
Turn   | Place    | Note
-------+----------+-------------------------------------------
     0 | D:1      | timneilson the Gargoyle Fighter began the quest for the
                  | Orb.
     0 | D:1      | Reached XP level 1. HP: 14/14 MP: 1/1
    80 | D:1      | Reached XP level 2. HP: 15/19 MP: 2/2
   600 | D:1      | Reached XP level 3. HP: 23/23 MP: 3/3
   893 | D:1      | Found a faded altar of an unknown god.
  1148 | D:2      | Noticed Jessica
  1161 | D:2      | Killed Jessica
  1162 | D:2      | Reached XP level 4. HP: 24/28 MP: 4/4
  1248 | D:2      | Reached skill level 1 in Dodging
  1344 | D:2      | Noticed Sigmund
  1349 | D:2      | Killed Sigmund
  1350 | D:2      | Reached XP level 5. HP: 26/33 MP: 5/5
  1350 | D:2      | Reached XP level 6. HP: 30/38 MP: 6/6
  2112 | D:3      | Noticed Terence
  2124 | D:3      | Killed Terence
  2310 | D:3      | Noticed Purgy
  2362 | D:3      | Killed Purgy
  2363 | D:3      | Reached skill level 5 in Armour
  2363 | D:3      | Reached skill level 5 in Shields
  2502 | D:4      | Reached XP level 7. HP: 42/43 MP: 7/7
  2810 | D:4      | Found a staircase to the Ecumenical Temple.
  2814 | Temple   | Entered the Ecumenical Temple
  2956 | Temple   | Became a worshipper of Warmaster Okawaru
  3403 | D:4      | Slain by an ogre

Illustrated notes

Levels and vault maps discovered:
D:1:      wheals_arrival_shading, layout_loops_ring, basic_ecumenical_altar,
          serial_forest, infiniplex_forest_end_1, infiniplex_forest_lined_ring,
          infiniplex_forest_clump_large, infiniplex_forest_side_room,
          infiniplex_forest_straight_3, infiniplex_forest_clump_curved,
          minmay_quantized
D:2:      layout_loops_ring, chequers_jeans, minmay_misc_feat_ornament,
          grunt_ministairs_9, hex_large, uniq_sigmund, uniq_jessica
D:3:      layout_rooms, uniq_terence, uniq_purgy
D:4:      layout_basic, minmay_temple_entry_steel_oval, serial_corexii_hall,
          chequers_hall_statues_wall_a, chequers_hall_statues_wall_a,
          corexii_hall_statues_x, minmay_manual_mess
Temple:   nicolae_temple_elliptical

Skill      XL: |  1  2  3  4  5  6 |
---------------+-------------------+-----
Long Blades    | 2 3 |  3.7
Shields        | 4 5 |  5.3
Dodging        | 1 |  1.9
Fighting       | 4 |  4.3
Armour         | 4 5 |  5.2
Invocations    | |  0.3

Action                   |  1- 3 |  4- 6 |  7- 9 || total
-------------------------+-------+-------+-------++-------
Melee: Long sword        |   132 |   126 |   121 ||   379
  Use: Scroll            |     6 |     3 |       ||     9
       Potion            |       |     2 |       ||     2
Armor: Scale mail        |    68 |    17 |       ||    85
       Chain mail        |       |    86 |    81 ||   167
Dodge: Dodged            |    79 |    96 |    77 ||   252
Block: Buckler           |    38 |     9 |       ||    47
       Kite shield       |       |    72 |    78 ||   150

Table legend: (Time is in decaauts)
 A = Elapsed time spent in this place.
 B = Non-inter-level travel time spent in this place.
 C = Inter-level travel time spent in this place.
 D = Time resting spent in this place.
 E = Time spent auto-exploring this place.
 F = Levels seen in this place.
 G = Mean time per level.
                   A        B        C        D        E       F      G
               +--------+--------+--------+--------+--------+-----+--------+
         Total |   3544 |   3433 |    111 |      0 |   2482 |   5 |  708.8 |
       Dungeon |   3379 |   3298 |     81 |      0 |   2363 |   4 |  844.8 |
        Temple |    165 |    135 |     30 |      0 |    119 |   1 |  165.0 |
               +--------+--------+--------+--------+--------+-----+--------+

Top non-repeatable levels by time:
     D:1: 1064 daAuts
     D:2: 860 daAuts
     D:4: 736 daAuts
     D:3: 717 daAuts
  Temple: 165 daAuts
